 Dungeon Crawl Stone Soup version 0.21-a0-13-g3fd62ac (webtiles) character file.

49 mike2R the Firebug (level 3, -3/19 HPs)
             Began as a Deep Elf Fire Elementalist on May 23, 2017.
             Slain by an adder (5 damage)
             ... on level 2 of the Dungeon.
             The game lasted 00:06:22 (1553 turns).

mike2R the Firebug (Deep Elf Fire Elementalist)     Turns: 1553, Time: 00:06:23

Health: -3/19      AC:  2    Str:  5    XL:     3   Next: 51%
Magic:  4/10       EV: 13    Int: 25    God:
Gold:   57         SH:  0    Dex: 15    Spells: 0/9 levels left

rFire    . . .     SeeInvis .   l - +0 short sword
rCold    . . .     Gourm    .   (no shield)
rNeg     . . .     Faith    .   a - +0 robe
rPois    .         Spirit   .   (no helmet)
rElec    .         Reflect  .   (no cloak)
rCorr    .         Harm     .   (no gloves)
MR       .....                  (no boots)
Stlth    ++........             (no amulet)
Regen    0.1/turn               (no ring)
MPRegen  0.2/turn               (no ring)

@: brilliant, lethally poisoned (-3 -> -8), very slightly contaminated
A: no striking features
a: no special abilities


You were on level 2 of the Dungeon.
You were not hungry.

You visited 1 branch of the dungeon, and saw 2 of its levels.

You collected 57 gold pieces.

Inventory:

Hand Weapons
 l - a +0 short sword (weapon)
Armour
 a - a +0 robe (worn)
Jewellery
 h - a cursed ring of teleportation {unknown}
 k - an uncursed amulet of magic regeneration {unknown}
Scrolls
 d - a scroll of amnesia {unknown}
 m - a scroll of identify {unknown}
 n - a scroll of remove curse {unknown}
Potions
 i - a potion of magic {unknown}
 j - a potion of berserk rage {unknown}
Books
 b - a book of Flames

   Spells                             Type                      Level
   a - Flame Tongue                   Conjuration/Fire             1
   b - Throw Flame                    Conjuration/Fire             2
   c - Conjure Flame                  Conjuration/Fire             3
   d - Inner Flame                    Hexes/Fire                   3
   e - Sticky Flame                   Conjuration/Fire             4
   f - Fireball                       Conjuration/Fire             5
Comestibles
 c - a bread ration
 f - 2 chunks of flesh
 g - 4 fruits


   Skills:
 - Level 2.4 Dodging
 - Level 2.4 Stealth
 + Level 3.9 Spellcasting
 + Level 2.0 Conjurations
 + Level 4.1 Fire Magic


You couldn't memorise any spells.
You knew the following spells:

 Your Spells              Type           Power        Failure   Level  Hunger
a - Flame Tongue          Conj/Fire      #####        1%          1    None
b - Throw Flame           Conj/Fire      #####.       1%          2    #......
c - Conjure Flame         Conj/Fire      #####...     1%          3    ##.....
d - Inner Flame           Hex/Fire       ####....     1%          3    ##.....


Dungeon Overview and Level Annotations

Branches:
Dungeon (2/15)

Altars:


Message History

The adder bites you. The adder closely misses you.
The adder completely misses you. The adder bites you.
You are poisoned.
The adder poisons you!
Okay, then.
Casting: Flame Tongue
Confirm with . or Enter, or press ? or * to list all spells.
Aiming: Flame Tongue
Press: ? - help, Shift-Dir - straight line, f/p - adder
Aim: an adder The flame tongue hits the adder.
The adder is moderately wounded.
You feel sick. The adder bites you.
* * * LOW HITPOINT WARNING * * *
It was a potion of brilliance.
You feel clever all of a sudden. The adder bites you.
You die...

#.# #.# #.# #.# #.#
#.# #.# #.# #.# #.#
#.# #.# #.###########
#.#
#...S@..)...###.######
###########..†........
#####.######
#######....#
........#########
######..........#
##.#######.# # #.# #.#
########### #.# #.#


You could see an adder.

Vanquished Creatures
  An adder (D:2)
  A leopard gecko (D:1)
  7 bats
  4 giant cockroaches
  6 goblins
  5 hobgoblins (D:1)
  4 frilled lizards
  5 kobolds
  2 rats (D:1)
35 creatures vanquished.

Notes
Turn   | Place    | Note
-------+----------+-------------------------------------------
     0 | D:1      | mike2R the Deep Elf Fire Elementalist began the quest for the Orb.
     0 | D:1      | Reached XP level 1. HP: 10/10 MP: 6/6
   222 | D:1      | Reached XP level 2. HP: 15/15 MP: 6/8
   226 | D:1      | Learned a level 2 spell: Throw Flame
   598 | D:1      | Reached skill level 4 in Fire Magic
   822 | D:1      | Reached XP level 3. HP: 19/19 MP: 8/10
   827 | D:1      | Learned a level 3 spell: Conjure Flame
   831 | D:1      | Learned a level 3 spell: Inner Flame
  1553 | D:2      | Slain by an adder

Vault maps used:
D:1:      kennysheep_arrival_seaside
D:2:      lemuel_round_altar, lemuel_crystal_altar, uniq_terence

Skill      XL: |  1  2  3 |
---------------+----------+-----
Fire Magic     | 4 |  4.1
Conjurations   | 2 |  2.0
Dodging        | |  2.4
Stealth        | |  2.4
Spellcasting   | |  3.9

Action                   || total
-------------------------++-------
Melee: Dagger            ||    10
 Cast: Flame Tongue      ||    59
       Conjure Flame     ||     1
       Throw Flame       ||     1
  Use: Potion            ||     1
  Eat: Chunk             ||     2
Armor: Robe              ||     2
Dodge: Dodged            ||    20
